 Dungeon Crawl Stone Soup version 0.14.1-24-gbdbe590 (webtiles) character file.

1551 Kenran the Carver (level 8, -4/58 HPs)
             Began as a Formicid Fighter on June 19, 2014.
             Was a Follower of Okawaru.
             Slain by an ogre
             ... wielding a +0,+0 giant spiked club
              (16 damage)
             ... on Level 6 of the Dungeon.
             The game lasted 00:20:16 (4638 turns).

Kenran the Carver (Formicid Fighter)                Turns: 4638, Time: 00:20:16

HP  -4/58        AC 12     Str 23      XL: 8   Next: 78%
MP  11/11        EV  6     Int  8      God: Okawaru [*.....]
Gold 310         SH 20     Dex 13      Spells:  0 memorised,  7 levels left

rFire  . . .     SeeInvis +     a - +1,+0 long sword
rCold  . . .     Clarity  .     r - +0 chain mail
rNeg   + . .     Conserve .     c - +0 shield
rPois  .         rCorr    .     (helmet unavailable)
rElec  .         rRot     .     m - +1 cloak
SustAb . .       Spirit   .     (no gloves)
rMut   .         Warding  .     (no boots)
Saprov . . .     Stasis   +     (no amulet)
MR     .....                    w - ring of the Octopus King {Wiz AC+1 EV+1 Str+1 Dex+1 Int+1}
                                h - ring of positive energy

@: not resistant to hostile enchantments, extremely unstealthy
A: permanent stasis, dig shafts and tunnels, four strong arms, antennae 3
a: Dig, Shaft Self, Heroism, Renounce Religion


You were on level 6 of the Dungeon.
You worshipped Okawaru.
Okawaru was aware of your devotion.
You were not hungry.

You visited 2 branches of the dungeon, and saw 7 of its levels.

You collected 310 gold pieces.

Inventory:

Hand weapons
 a - a +1,+0 long sword (weapon)
 l - a +0,+0 falchion
Armour
 c - a +0 shield (worn)
 m - a +1 cloak (worn)
 r - a +0 chain mail (worn)
Magical devices
 i - a wand of confusion (6) {unknown}
 t - a wand of slowing (15) {unknown}
 y - a wand of draining (6) {unknown}
Comestibles
 b - 2 apples
 d - 4 bread rations
 k - a royal jelly
 o - 3 meat rations
 v - a choko
 z - 4 rotting chunks of ogre flesh
Scrolls
 f - 3 scrolls of remove curse
 j - 3 scrolls of recharging
 u - a scroll of identify
Jewellery
 h - a ring of positive energy (left hand)
 w - a ring of the Octopus King (right hand) {Wiz AC+1 EV+1 Str+1 Dex+1 Int+1}
   (You found it on level 4 of the Dungeon)

   [ring of wizardry]

   It affects your AC (+1).
   It affects your evasion (+1).
   It affects your strength (+1).
   It affects your intelligence (+1).
   It affects your dexterity (+1).
Potions
 e - a potion of might
 g - a potion of flight {unknown}
 n - 2 potions of degeneration {unknown}
 p - 2 potions of curing {unknown}
 q - 3 potions of poison {unknown}
 s - a potion of berserk rage {unknown}
 x - a potion of magic {unknown}
 A - a potion of porridge


   Skills:
 - Level 3.2 Fighting
 + Level 10.1 Long Blades
 - Level 3.2 Armour
 - Level 3.6 Shields


You had 7 spell levels left.
You didn't know any spells.

Dungeon Overview and Level Annotations

Branches:
Dungeon (6/15)             Temple (1/1) D:4

Altars:
Ashenzari
Fedhas
Okawaru
Trog
Vehumet
Yredelemnul
Zin


Innate Abilities, Weirdness & Mutations

Your are under a permanent stasis effect.
You can dig through walls and to a lower floor.
Your four strong arms can wield two-handed weapons with a shield.
You have a pair of large antennae on your head (SInv).


Message History

The bat hits you but does no damage. You block the ogre's attack.
The orc hits you but does no damage.
You hit the ogre but do no damage.
The ogre is heavily wounded.
The bat barely misses you. The ogre hits you but does no damage.
You block the orc's attack.
You hit the ogre but do no damage.
The ogre is heavily wounded.
You block the bat's attack. The orc completely misses you.
The ogre hits you with a giant spiked club!
* * * LOW HITPOINT WARNING * * *
You hit the ogre.
The ogre is severely wounded.
The bat hits you but does no damage.
You closely miss the ogre.
The ogre is severely wounded.
You block the bat's attack. The orc hits you but does no damage.
The bat hits you but does no damage.
The ogre hits you with a giant spiked club!
You die...

##......).... ##............
# ##............ ..#
##............# .....
##..%.........###.....
##..............#......
##.......................
##..........b.O....%......
##...........o@#...........
##............)###.........
##.......(.......#..........
#.......................o...
...........................
#.........................
##...............#.......
##(............###....
##.............#....


You could see an ogre, an orc and a bat.

Vanquished Creatures
  Eustachio (D:6)
  Menkaure (D:5)
  2 phantoms
  A sky beast (D:6)
  An ogre (D:5)
  3 scorpions
  The ghost of Kenran the Insei, a weakling MfMo (D:3)
  An orc priest (D:6)
  3 hounds
  2 worker ants
  2 orc wizards
  4 gnolls
  9 adders
  A giant mite (D:2)
  3 worms
  2 adder zombies (D:5)
  An iguana skeleton (D:4)
  A giant eyeball (D:4)
  3 giant geckos
  An ooze (D:3)
  5 orcs
  A ball python (D:3)
  11 bats
  7 giant cockroaches
  6 goblins
  6 hobgoblins (D:1)
  2 quokkas
  5 giant newts
  A giant newt skeleton (D:5)
  9 jackals
  16 kobolds
  A kobold zombie (D:5)
  13 rats
126 creatures vanquished.

Notes
Turn   | Place    | Note
--------------------------------------------------------------
     0 | D:1      | Kenran, the Formicid Fighter, began the quest for the Orb.
     0 | D:1      | Reached XP level 1. HP: 18/18 MP: 1/1
   286 | D:1      | Reached XP level 2. HP: 21/24 MP: 3/3
   658 | D:1      | Reached XP level 3. HP: 27/29 MP: 4/4
  1415 | D:2      | Reached XP level 4. HP: 31/35 MP: 5/5
  1445 | D:2      | Reached skill level 4 in Long Blades
  1824 | D:3      | Noticed Kenran's ghost (weakling MfMo)
  1860 | D:3      | Killed Kenran's ghost
  1860 | D:3      | Reached skill level 5 in Long Blades
  1860 | D:3      | Reached XP level 5. HP: 36/41 MP: 7/7
  2357 | D:3      | Reached XP level 6. HP: 36/47 MP: 8/8
  2553 | D:3      | Reached skill level 6 in Long Blades
  2989 | D:4      | Reached skill level 7 in Long Blades
  2989 | D:4      | Reached XP level 7. HP: 46/52 MP: 9/9
  3335 | D:4      | Reached skill level 8 in Long Blades
  3508 | D:4      | Found a staircase to the Ecumenical Temple.
  3516 | D:4      | Got a ring of the Octopus King
  3548 | Temple   | Entered the Ecumenical Temple
  3561 | Temple   | Became a worshipper of Warmaster Okawaru
  3638 | D:5      | Entered Level 5 of the Dungeon
  3809 | D:5      | Reached XP level 8. HP: 46/58 MP: 11/11
  3976 | D:5      | Noticed Menkaure
  3979 | D:5      | Found a bloodstained altar of Trog.
  3994 | D:5      | Killed Menkaure
  3994 | D:5      | Reached skill level 9 in Long Blades
  4434 | D:6      | Noticed Eustachio
  4463 | D:6      | Killed Eustachio
  4463 | D:6      | Acquired Okawaru's first power
  4478 | D:6      | Identified a ring of the Octopus King {Wiz AC+1 EV+1 Str+1 Dex+1 Int+1} (You found it on level 4 of the Dungeon)
  4582 | D:6      | Reached skill level 10 in Long Blades
  4638 | D:6      | Slain by an ogre

Action                   |  1- 3 |  4- 6 |  7- 9 || total
-------------------------+-------+-------+-------++-------
Melee: Long sword        |   143 |   217 |   219 ||   579
  Use: Scroll            |     7 |     1 |     2 ||    10
       Potion            |       |     1 |       ||     1
